 Dungeon Crawl Stone Soup version 0.30-a0-567-gf7fd966b4a (webtiles) character file.

Game seed: 13342359672197746617

16 rsvaco the Conjurer (level 2, 0/20 HPs)
             Began as a Demigod Conjurer on Dec 28, 2022.
             Slain by Sigmund
             ... wielding a +0 scythe
              (9 damage)
             ... on level 2 of the Dungeon.
             The game lasted 00:05:37 (632 turns).

rsvaco the Conjurer (Demigod Conjurer)               Turns: 632, Time: 00:05:38

Health: 0/20       AC:  2    Str:  8    XL:     2   Next: 27%
Magic:  7/7        EV: 12    Int: 20    God:
Gold:   41         SH:  0    Dex: 12    Spells: 3/4 levels left

rFire   . . .      SeeInvis .    d - +2 whip (venom)
rCold   . . .      Faith    .    (no shield)
rNeg    . . .      Spirit   .    a - +0 robe
rPois   .          Reflect  .    (no helmet)
rElec   .          Harm     .    (no cloak)
rCorr   +          Rampage  .    (no gloves)
Will    .....                    (no boots)
Stlth   +                        (no amulet)
HPRegen 0.23/turn                e - ring of resist corrosion
MPRegen 0.10/turn                (no ring)

@: confused
A: high MP 1, forlorn, divine attributes
a: no special abilities


You were on level 2 of the Dungeon.
You visited 1 branch of the dungeon, and saw 2 of its levels.

You collected 41 gold pieces.

Inventory:

Hand Weapons
 d - a +2 whip of venom (weapon)
 h - a +0 dagger
Missiles
 c - 10 stones
Armour
 a - a +0 robe (worn)
Jewellery
 e - a ring of resist corrosion (left hand)
Scrolls
 i - a scroll of immolation {unknown}
 k - a scroll of vulnerability {unknown}
 l - a scroll of acquirement {unknown}
 m - a scroll of enchant weapon {unknown}
Potions
 b - a potion of magic
 f - 2 potions of curing
 g - 2 potions of heal wounds {unknown}
 j - a potion of mutation {unknown}


   Skills:
 + Level 0.3 Maces & Flails
 + Level 1.8 Dodging
 + Level 1.8 Stealth
 + Level 1.8 Spellcasting
 + Level 4.1 Conjurations


You had 3 spell levels left.
You knew the following spells:

 Your Spells              Type           Power      Damage    Failure   Level
a - Magic Dart            Conj           72%        1d6       3%          1

Your spell library contained the following spells:

 Spells                   Type           Power      Damage    Failure   Level
 Searing Ray              Conj           36%        2d5       4%          2
 Dazzling Flash           Conj/Hex       20%        N/A       21%         3
 Fulminant Prism          Conj/Hex       5%         3d7       56%         4
 Iskenderun's Mystic Bla  Conj/Tloc      10%        2d4       56%         4


Dungeon Overview and Level Annotations

Branches:
Dungeon (2/15)

Annotations:
D:2 Sigmund


Innate Abilities, Weirdness & Mutations

You have an increased reservoir of magic. (+10% MP)
You shall have no god before yourself.
Your divine heritage dramatically boosts your attributes as you level up.


Message History

Your transformation is almost over.
You cannot move.
You feel less wooden.
Your +0 robe unmelds from your body.
Sigmund the Dreaded comes into view.
He is wielding a +0 scythe.
Found a book of Spatial Translocations.
A kobold comes into view. It is wielding a +0 short sword.
Sigmund closely misses you.
The kobold shouts!
You see here a book of Spatial Translocations.
You barely miss Sigmund. You punch Sigmund.
Sigmund is lightly wounded.
Sigmund hits you with a +0 scythe.
You hit Sigmund but do no damage.
Sigmund is lightly wounded.
The kobold hits you with a +0 short sword.
Sigmund barely misses you.
You closely miss Sigmund.
Sigmund is lightly wounded.
The kobold closely misses you.
You barely miss Sigmund.
Sigmund is lightly wounded.
Sigmund barely misses you. The kobold barely misses you.
You hit Sigmund.
Sigmund is poisoned.
Sigmund is lightly wounded.
The kobold closely misses you.
Sigmund casts a spell.
Sigmund flickers and vanishes!
Deactivating autopickup; reactivate with Ctrl-A.
You hit the kobold.
The kobold is poisoned.
The kobold is moderately wounded.
You kill the kobold!
Something hits you.
No target in view!
No target in view!
Something hits you!
You hear some strange, mumbled words.
You are confused.
Something hits you!
You die...

.#.###.#######.♣.......♣
....##.# #.#.......#
#......### #.♣.......♣
##.#...... #.#.......#
......#### #.♣.......♣
...#....# #.......#
.#.#..#.#######♣#♣#♣#♣.♣
...# ............#####.#
................@......#
..####...........#######
..# #........{.# ..#
#.......).# ..#
#.........# ..#
#.........# ..#
#.........# ###########


There were no monsters in sight!

Vanquished Creatures
  A worm (D:2)
  3 endoplasms
  2 hobgoblins (D:2)
  A quokka (D:1)
  A ball python (D:1)
  A goblin (D:1)
  3 kobolds
  2 rats (D:1)
14 creatures vanquished.

Notes
Turn   | Place    | Note
-------+----------+-------------------------------------------
     0 | D:1      | rsvaco the Demigod Conjurer began the quest for the Orb.
     0 | D:1      | Reached XP level 1. HP: 14/14 MP: 5/5
   306 | D:1      | Reached skill level 4 in Conjurations
   400 | D:2      | Reached XP level 2. HP: 15/20 MP: 4/7
   619 | D:2      | Noticed Sigmund
   632 | D:2      | Slain by Sigmund

Illustrated notes

Levels and vault maps discovered:
D:1:      dpeg_arrival_ternary, layout_basic,
          shapermc_ecumenical_altar_mp_urbaneastern
D:2:      layout_rooms, serial_forest, infiniplex_forest_corner_1,
          infiniplex_forest_fountain, infiniplex_forest_lined_room_3,
          infiniplex_forest_clump_curved, infiniplex_forest_3_way,
          infiniplex_forest_lined_2, infiniplex_forest_end_2, basic_altar,
          uniq_sigmund

Skill      XL: |  1 |
---------------+----+-----
Conjurations   | 4 |  4.1
Maces & Flails | |  0.3
Dodging        | |  1.8
Stealth        | |  1.8
Spellcasting   | |  1.8

Action                   || total
-------------------------++-------
Melee: Whip              ||    26
       Dagger            ||     4
       Punch             ||     3
 Cast: Magic Dart        ||     9
  Use: Potion            ||     2
       Scroll            ||     1
Armor: Robe              ||     3
Dodge: Dodged            ||    17

Table legend: (Time is in decaauts)
 A = Elapsed time spent in this place.
 B = Non-inter-level travel time spent in this place.
 C = Inter-level travel time spent in this place.
 D = Time resting spent in this place.
 E = Time spent auto-exploring this place.
 F = Levels seen in this place.
 G = Mean time per level.
                   A        B        C        D        E       F      G
               +--------+--------+--------+--------+--------+-----+--------+
         Total |    632 |    411 |    221 |      0 |    251 |   2 |  316.0 |
       Dungeon |    632 |    411 |    221 |      0 |    251 |   2 |  316.0 |
               +--------+--------+--------+--------+--------+-----+--------+

Top non-repeatable levels by time:
     D:1: 369 daAuts
     D:2: 263 daAuts
